 Dungeon Crawl Stone Soup version 0.26.1-11-gd32895ea62 (webtiles) character file.

Game seed: 7961977813953737609

434 Zeld the Spear-Bearer (level 7, -11/45 HPs)
             Began as a Merfolk Gladiator on May 25, 2021.
             Was a Follower of Hepliaklqana.
             Splashed by a hobgoblin's acid (13 damage)
             ... on level 3 of the Dungeon.
             The game lasted 00:04:20 (2919 turns).

Zeld the Spear-Bearer (Merfolk Gladiator)           Turns: 2919, Time: 00:04:21

Health: -11/45     AC:  0    Str: 16    XL:     7   Next: 0%
Magic:  7/7        EV: 14    Int:  8    God:    Hepliaklqana [*.....]
Gold:   141        SH:  0    Dex: 15    Spells: 6/6 levels left

rFire    . . .     SeeInvis .   a - +0 trident
rCold    . . .     Faith    .   (no shield)
rNeg     . . .     Spirit   .   i - +0 robe
rPois    .         Reflect  .   c - +0 helmet
rElec    .         Harm     .   (no cloak)
rCorr    .         Rampage  .   h - +0 pair of gloves
Will     .....                  (no boots)
Stlth    +.........             (no amulet)
HPRegen  0.15/turn              (no ring)
MPRegen  0.10/turn              (no ring)

@: corroded
A: change form in water, swift swim, stealthy swim, reduced essence
a: Renounce Religion, Recall Ancestor, Ancestor Identity


You were on level 3 of the Dungeon.
You worshipped Hepliaklqana.
Hepliaklqana was aware of your devotion.
You visited 1 branch of the dungeon, and saw 3 of its levels.
You also visited: Sewer.

You collected 141 gold pieces.

Inventory:

Hand Weapons
 a - a +0 trident (weapon)
Missiles
 d - 3 throwing nets (quivered)
 r - 7 curare-tipped darts
 y - 2 poisoned darts
Armour
 c - a +0 helmet (worn)
 h - a +0 pair of gloves (worn)
 i - a +0 robe (worn)
Jewellery
 o - an uncursed ring of fire {unknown}
 q - a cursed amulet of inaccuracy {unknown}
Scrolls
 b - 3 scrolls of identify {unknown}
 e - a scroll of enchant weapon {unknown}
 f - 3 scrolls of fear {unknown}
 j - a scroll of amnesia {unknown}
 m - 2 scrolls of teleportation {unknown}
 t - a scroll of random uselessness {unknown}
 u - a scroll of fog {unknown}
 w - a scroll of enchant armour {unknown}
 x - a scroll of noise {unknown}
Potions
 g - 4 potions of brilliance {unknown}
 k - 7 potions of heal wounds {unknown}
 l - 2 potions of magic {unknown}
 n - 5 potions of flight {unknown}
 p - a potion of ambrosia {unknown}
 s - a potion of attraction {unknown}
 v - a potion of cancellation {unknown}
 z - a potion of curing {unknown}
 A - a potion of might {unknown}


   Skills:
 - Level 2.1 Fighting
 * Level 10.8 Polearms
 - Level 2.0 Throwing
 - Level 4.0 Dodging


You had 6 spell levels left.
You didn't know any spells.
Your spell library contained the following spells:

 Spells                   Type           Power        Failure   Level
 Animate Skeleton         Necr           0%           41%         1
 Apportation              Tloc           0%           41%         1
 Corona                   Hex            0%           41%         1
 Summon Small Mammal      Summ           0%           41%         1
 Confusing Touch          Hex            0%           78%         3
 Gell's Gravitas          Tloc           0%           78%         3
 Petrify                  Tmut/Erth      0%           99%         4
 Metabolic Englaciation   Hex/Ice        0%           100%        5
 Yara's Violent Unravell  Hex/Tmut       0%           100%        5


Dungeon Overview and Level Annotations

Branches:
Dungeon (3/15)              Sewer (visited)

Altars:
Dithmenos
Elyvilon
Hepliaklqana
Uskayaw
The Shining One


Message History

A hobgoblin is nearby!
A hobgoblin is nearby!
The hobgoblin zaps a wand.
The bolt of acid hits you! The acid corrodes you!
You are splashed with acid!
You are too injured to fight recklessly!
You are too injured to fight recklessly!
You are too injured to fight recklessly!
You are too injured to fight recklessly!
You closely miss the hobgoblin. The hobgoblin barely misses you.
You hit the hobgoblin.
The hobgoblin is almost dead.
The hobgoblin misses you.
You hit the hobgoblin but do no damage.
The hobgoblin is almost dead.
You barely miss the hobgoblin.
The hobgoblin is almost dead.
The hobgoblin zaps a wand.
The bolt of acid hits you!!
* * * LOW HITPOINT WARNING * * *
You are splashed with acid!
You die...

##### ..). #..#
#..# #g.#####
#@.....## #.
##.###...#
#.####......# .
#.......###...#
#..####.####..#
#....##........
.##.....#.#####.#
..........# ##.
##.....#######.#
#.#


You could see a hobgoblin.

Vanquished Creatures
  An ice beast (D:3)
  3 big kobolds (Sewer)
  Natasha (D:3)
  3 adders (D:3)
  2 oozes (Sewer)
  A dart slug (D:1)
  A leopard gecko (D:1)
  3 giant cockroaches
  3 goblins
  4 hobgoblins
  4 ball pythons
  7 bats
  5 frilled lizards
  12 kobolds
  9 rats
59 creatures vanquished.

Vanquished Creatures (collateral kills)
  An adder (D:3)
  An ooze (D:2)
  A bat (D:3)
  5 kobolds
8 creatures vanquished.

Vanquished Creatures (others)
  3 ancestors
  A fungus (Sewer)
  7 plants (Sewer)
11 creatures vanquished.

Grand Total: 78 creatures vanquished

Notes
Turn   | Place    | Note
-------+----------+-------------------------------------------
     0 | D:1      | Zeld the Merfolk Gladiator began the quest for the Orb.
     0 | D:1      | Reached XP level 1. HP: 16/16 MP: 1/1
   161 | D:1      | Reached skill level 5 in Polearms
   245 | D:1      | Reached XP level 2. HP: 19/22 MP: 2/2
   991 | D:2      | Found a glowing golden altar of the Shining One.
   991 | D:2      | Found a hazy altar of Hepliaklqana.
   992 | D:2      | Found a white marble altar of Elyvilon.
   999 | D:2      | Became a worshipper of Hepliaklqana the Forgotten
  1043 | D:2      | Reached skill level 6 in Polearms
  1043 | D:2      | Reached XP level 3. HP: 24/24 MP: 3/3
  1079 | D:2      | Found a shadowy altar of Dithmenos.
  2002 | D:3      | Reached * piety under Hepliaklqana
  2024 | D:3      | Noticed Natasha
  2037 | D:3      | Killed Natasha
  2038 | D:3      | Reached skill level 7 in Polearms
  2038 | D:3      | Reached XP level 4. HP: 22/29 MP: 4/4
  2080 | D:3      | Found a hide-covered altar of Uskayaw.
  2089 | D:3      | Noticed an ice beast
  2103 | D:3      | Killed an ice beast
  2104 | D:3      | Reached skill level 8 in Polearms
  2104 | D:3      | Reached XP level 5. HP: 33/34 MP: 5/5
  2201 | D:3      | Found a glowing drain.
  2219 | D:3      | Reached skill level 9 in Polearms
  2273 | Sewer    | Entered a sewer
  2432 | Sewer    | Noticed a big kobold
  2432 | Sewer    | Noticed a big kobold
  2432 | Sewer    | Noticed a big kobold
  2445 | Sewer    | Killed a big kobold
  2446 | Sewer    | Reached XP level 6. HP: 30/39 MP: 6/6
  2459 | Sewer    | Reached skill level 10 in Polearms
  2777 | Sewer    | Reached XP level 7. HP: 45/45 MP: 7/7
  2919 | D:3      | HP: 2/45 [hobgoblin/bolt of acid (21)]
  2919 | D:3      | Splashed by a hobgoblin's acid

Illustrated notes

Levels and vault maps discovered:
D:1:      evilmike_arrival_crescent, layout_loops_cross, minmay_misc_feat_tower
D:2:      layout_basic, general_overflow_altar, gammafunk_temple_overflow_claw
D:3:      layout_loops_ring, old_standard_altar, marbit_many_paths,
          gup_sewer_entry_glass, uniq_natasha

Skill      XL: |  1  2  3  4  5  6 |
---------------+-------------------+-----
Polearms       | 5 6 7 8 9 10 | 10.8
Fighting       | |  2.1
Throwing       | |  2.0
Dodging        | |  4.0

Action                   |  1- 3 |  4- 6 |  7- 9 || total
-------------------------+-------+-------+-------++-------
Melee: Trident           |    71 |    85 |    14 ||   170
       Tailslap          |       |       |     1 ||     1
Invok: Ancestor Identity |     1 |       |       ||     1
 Stab: Sleeping          |     7 |     1 |       ||     8
       Distracted        |       |     1 |       ||     1
Armor: Robe              |     7 |     8 |     1 ||    16
Dodge: Dodged            |    26 |    39 |     9 ||    74
